cohdb
Replays
Latest Replays
All Replays
Popular Replays
Top Player Replays
Match Explorer
How It Works
Community
CoH3 Stats
Reddit
Sign in to upload your games and track your stats! →
Sign in with Steam
Match 42058012
Unlisted
Match 42058012
Overview
Messages
Build Orders
End
Scout Squad
Engineer Squad
Selects Special Operations Battlegroup
Selects M29 Weasel Recon Vehicle
M29 Weasel Recon Vehicle
Construct Weapon Support Center
Construct Barracks
Riflemen Squad
Riflemen Squad
Infantry Support Center
Construct Motor Pool
Selects Raiding Flares
Selects SSF Commando Squad
M8 Greyhound Armored Car
Construct Medical Station
SSF Commando Squad
M1 Anti-tank Gun Team
Selects P-47 Anti-Infantry Loiter
P-47 Anti-Infantry Loiter
Construct Tank Depot
M4A1 Sherman Medium Tank
P-47 Anti-Infantry Loiter
Engineer Squad
Selects Air Re-supply Operation
M4A1 Sherman Medium Tank
M18 Hellcat Tank Destroyer
Nostalgi@
WordBearers[Borgore]
0
0
Comments
sign in to comment!
No comments posted yet!